 Dungeon Crawl Stone Soup version 0.29.1-1-gd02db6906a (webtiles) character file.

Game seed: 16564821175312698380

541 Demigod47 the Cudgeller (level 7, -1/60 HPs)
             Began as a Minotaur Fighter on Oct 16, 2022.
             Slain by an ice beast (6 damage)
             ... on level 5 of the Dungeon.
             The game lasted 00:05:12 (3925 turns).

Demigod47 the Cudgeller (Minotaur Fighter)          Turns: 3925, Time: 00:05:12

Health: -1/60      AC:  9    Str: 23    XL:     7   Next: 5%
Magic:  6/6        EV:  9    Int:  5    God:
Gold:   214        SH:  4    Dex:  9    Spells: 6/6 levels left

rFire   . . .      SeeInvis .   a - +0 flail
rCold   . . .      Faith    .   c - +0 buckler
rNeg    . . .      Spirit   .   b - +0 scale mail
rPois   .          Reflect  .   (helmet unavailable)
rElec   .          Harm     .   (no cloak)
rCorr   .          Rampage  .   (no gloves)
Will    .....      Rage     3%  (no boots)
Stlth   ..........              (no amulet)
HPRegen 0.20/turn               (no ring)
MPRegen 0.10/turn               (no ring)

@: weak-willed
A: horns 3, retaliatory headbutt, iridescent scales 1, berserk 1
a: no special abilities


You were on level 5 of the Dungeon.
You visited 1 branch of the dungeon, and saw 5 of its levels.

You collected 214 gold pieces.

Inventory:

Hand Weapons
 a - a +0 flail (weapon)
Armour
 b - a +0 scale mail (worn)
 c - a +0 buckler (worn)
Jewellery
 h - a +4 ring of evasion
 i - a ring of resist corrosion
Scrolls
 e - a scroll of butterflies
 g - a scroll of amnesia
 o - a scroll of enchant weapon {unknown}
 p - a scroll of blinking {unknown}
 q - a scroll of torment {unknown}
 r - a scroll of noise {unknown}
Potions
 d - a potion of might
 f - 3 potions of curing
 j - 2 potions of haste {unknown}
 k - a potion of mutation
 m - a potion of invisibility {unknown}
 n - a potion of degeneration {unknown}


   Skills:
 + Level 4.9 Fighting
 * Level 6.4 Maces & Flails
 + Level 5.9 Armour
 + Level 1.2 Dodging
 + Level 0.6 Stealth
 + Level 4.3 Shields


You had 6 spell levels left.
You didn't know any spells.
Your spell library contained the following spells:

 Spells                   Type           Power      Damage    Failure   Level
 Sandblast                Erth           0%         2d4       86%         1
 Passwall                 Tmut/Erth      0%         N/A       94%         2
 Stone Arrow              Conj/Erth      0%         3d7       99%         3


Dungeon Overview and Level Annotations

Branches:
Dungeon (5/15)
 Temple: D:4-7

Altars:
Wu Jian

Annotations:
D:3 2 transporters, mif's ghost, amateur MiBe


Innate Abilities, Weirdness & Mutations

You have a pair of large horns on your head.
You reflexively headbutt those who attack you in melee.
You are partially covered in iridescent scales. (AC +2)
You sometimes lose your temper in combat.


Message History

You kill the jackal!
The sentinel's mark upon you fades away.
You block the ice beast's attack.
You have reached level 7!
You sock the jackal!
You kill the jackal!
You block the ice beast's attack.
You sock Ijyb! You headbutt Ijyb.
Ijyb is severely wounded.
The ice beast hits you but does no damage.
Ijyb screams, "Me very upset!"
You block Ijyb's attack.
You thump Ijyb!
Ijyb is almost dead.
The ice beast hits you but does no damage.
Ijyb closely misses you. You furiously retaliate!
You headbutt Ijyb!
You kill Ijyb!
The ice beast hits you but does no damage.
You hit the jackal. Your headbutt misses the jackal.
The jackal is severely wounded.
The jackal bites you but does no damage.
You block the jackal's attack.
The ice beast hits you but does no damage.
You closely miss the jackal.
The jackal is severely wounded.
The jackal bites you. The ice beast hits you.
* * * LOW HITPOINT WARNING * * *
The ice beast freezes you!
* * * LOW HITPOINT WARNING * * *
You miss the jackal. You headbutt the jackal.
You kill the jackal!
The ice beast hits you but does no damage.
Items here: ! ) / [ †††.
The ice beast attacks as you move away!
The ice beast hits you but does no damage.
You see here a scorpion corpse.
You closely miss the ice beast. The ice beast hits you.
* * * LOW HITPOINT WARNING * * *
The ice beast freezes you.
You die...

## .. # .#.#
################# .#.#
.......@YS......##...#.#
...############.........
######..#...# #......##
# #...##......#
.#######..###......#
.........## #.####.#
.#######.# #.# #
######..####.#


You could see an ice beast (weak-willed) and an adder (weak-willed).

Vanquished Creatures
  A black bear (D:4)
  An ogre (D:4)
  A centaur (D:4)
  2 scorpions (D:5)
  A jelly (D:5)
  Ijyb (D:5)
  4 adders
  An ufetubus (D:4)
  A worm (D:2)
  3 dart slugs (D:1)
  3 orcs (D:3)
  8 endoplasms
  3 giant cockroaches (D:1)
  3 hobgoblins (D:4)
  6 jackals
  5 kobolds
  4 quokkas
  6 ball pythons
  3 bats
  6 frilled lizards
  4 goblins
  3 rats
70 creatures vanquished.

Notes
Turn   | Place    | Note
-------+----------+-------------------------------------------
     0 | D:1      | Demigod47 the Minotaur Fighter began the quest for the Orb.
     0 | D:1      | Reached XP level 1. HP: 19/19 MP: 0/0
   154 | D:1      | Reached XP level 2. HP: 19/27 MP: 1/1
   505 | D:1      | Reached skill level 3 in Maces & Flails
   505 | D:1      | Reached XP level 3. HP: 33/33 MP: 2/2
  1260 | D:2      | Found a faded altar of an unknown god.
  1849 | D:2      | Gained mutation: You are dopey. (Int -2) [potion of
                  | mutation]
  1849 | D:2      | Gained mutation: You are robust. (+10% HP) [potion of
                  | mutation]
  1857 | D:2      | Lost mutation: You are dopey. (Int -2) [potion of mutation]
  1857 | D:2      | Lost mutation: You are robust. (+10% HP) [potion of
                  | mutation]
  1857 | D:2      | Gained mutation: You sometimes lose your temper in combat.
                  | [potion of mutation]
  1857 | D:2      | Gained mutation: You occasionally shout uncontrollably at
                  | your foes. [potion of mutation]
  1857 | D:2      | Gained mutation: You expend magic power (3 MP) to
                  | strengthen your wands. [potion of mutation]
  1953 | D:3      | Found a transporter.
  1956 | D:3      | Noticed mif's ghost (amateur MiBe)
  2126 | D:3      | Reached XP level 4. HP: 36/40 MP: 3/3
  2272 | D:3      | Found a transporter.
  2610 | D:3      | Lost mutation: You occasionally shout uncontrollably at
                  | your foes. [potion of mutation]
  2610 | D:3      | Lost mutation: You expend magic power (3 MP) to strengthen
                  | your wands. [potion of mutation]
  2610 | D:3      | Gained mutation: You have a pair of large horns on your
                  | head. [potion of mutation]
  2610 | D:3      | Gained mutation: You are partially covered in iridescent
                  | scales. (AC +2) [potion of mutation]
  2735 | D:4      | Noticed a centaur
  2755 | D:4      | Killed a centaur
  2756 | D:4      | Reached skill level 4 in Maces & Flails
  2756 | D:4      | Reached XP level 5. HP: 12/47 MP: 4/4
  3120 | D:4      | Reached skill level 1 in Dodging
  3133 | D:4      | Found an ornate altar of the Wu Jian Council.
  3133 | D:4      | Noticed an ogre
  3141 | D:4      | HP: 2/70 [ogre/+0 giant spiked club (25)]
  3142 | D:4      | Killed an ogre
  3143 | D:4      | Reached skill level 5 in Maces & Flails
  3143 | D:4      | Reached skill level 5 in Armour
  3591 | D:4      | Noticed a black bear
  3602 | D:4      | Killed a black bear
  3603 | D:4      | Reached XP level 6. HP: 53/53 MP: 5/5
  3817 | D:5      | Entered Level 5 of the Dungeon
  3901 | D:5      | Reached skill level 6 in Maces & Flails
  3901 | D:5      | Noticed Ijyb
  3906 | D:5      | Noticed an ice beast
  3916 | D:5      | Reached XP level 7. HP: 22/60 MP: 6/6
  3918 | D:5      | Killed Ijyb
  3925 | D:5      | Slain by an ice beast

Illustrated notes

Levels and vault maps discovered:
D:1:      co_arrival_random_square_maze, layout_basic
D:2:      layout_basic, hellmonk_ecumenical_altar_inner_sanctum
D:3:      layout_loops_ring, gammafunk_ghost_stat_death,
          amcnicky_mini_pool_small, minmay_misc_feat_four_crosses
D:4:      layout_basic, nicolae_wu_jian_immortal_techniques
D:5:      layout_basic, mainiacjoe_overflow_24_doors, uniq_ijyb

Skill      XL: |  1  2  3  4  5  6 |
---------------+-------------------+-----
Fighting       | 4 |  4.9
Shields        | 4 |  4.3
Maces & Flails | 3 4 5 6 |  6.4
Armour         | 4 5 |  5.9
Dodging        | 1 |  1.2
Stealth        | |  0.6

Action                   |  1- 3 |  4- 6 |  7- 9 || total
-------------------------+-------+-------+-------++-------
Melee: Flail             |    89 |    51 |     7 ||   147
       Headbutt          |     6 |     5 |     2 ||    13
  Use: Potion            |     6 |     2 |       ||     8
       Scroll            |     2 |     1 |       ||     3
Armor: Scale mail        |    53 |    24 |     7 ||    84
Dodge: Dodged            |    43 |    37 |     1 ||    81
Block: Buckler           |    19 |    15 |     3 ||    37
